 Dungeon Crawl Stone Soup version 0.25-a0-404-gc1b5a34292 (webtiles) character file.

Game seed: 18289866606426471562, levelgen mode: deterministic

11722 ReteAZ the Cruncher (level 11, -2/62 HPs)
             Began as a Gargoyle Gladiator on Jan 10, 2020.
             Was a Priest of the Shining One.
             Slain by a catoblepas (23 damage)
             ... on level 12 of the Dungeon.
             The game lasted 00:18:27 (9836 turns).

ReteAZ the Cruncher (Gargoyle Gladiator)            Turns: 9836, Time: 00:18:28

Health: -2/62      AC: 25    Str: 18    XL:     11   Next: 82%
Magic:  12/12      EV: 13    Int: 10    God:    the Shining One [***...]
Gold:   653        SH:  6    Dex: 16    Spells: 10/10 levels left

rFire    + . .     SeeInvis .   E - +6 mace of Mourning {holy, rC+}
rCold    + . .     Gourm    .   c - +2 buckler
rNeg     + + +     Faith    .   R - +5 chain mail "Haram" {*Corrode +Blink rPois rF+}
rPois    ∞         Spirit   .   (helmet restricted)
rElec    +         Reflect  .   M - scarf {repulsion}
rCorr    .         Harm     .   (no gloves)
MR       .....                  K - +2 pair of boots of the Assassin {Detection Stab+ Stlth++}
Stlth    +.........             (no amulet)
HPRegen  0.20/turn              U - ring of positive energy
MPRegen  0.13/turn              (no ring)

@: agile, glowing, repel missiles
A: horns 1, high mp 1, negative energy resistance 1, electricity resistance,
weak 1, wild magic 1, unbreathing, petrification resistance, rot immunity, AC +8
a: Divine Shield, Renounce Religion, Evoke Blink


You were on level 12 of the Dungeon.
You worshipped the Shining One.
The Shining One was most pleased with you.
You were hungry.

You visited 2 branches of the dungeon, and saw 13 of its levels.
You also visited: Ossuary.

You collected 653 gold pieces.

Inventory:

Hand Weapons
 a - a +0 quarterstaff
 E - the +6 mace of Mourning (weapon) {holy, rC+}
   (You found it on level 7 of the Dungeon)

   It has been blessed by the Shining One to cause great damage to the undead
   and demons.
   It protects you from cold.
Missiles
 d - 4 throwing nets (quivered)
 q - 34 poisoned darts
Armour
 c - a +2 buckler (worn)
 v - a +2 cloak of invisibility
 K - the +2 pair of boots of the Assassin (worn) {Detection Stab+ Stlth++}
   (You found it on level 9 of the Dungeon)

   It makes you much more stealthy.
 M - a scarf of repulsion (worn)
 P - a +0 plate armour
 R - the +5 chain mail "Haram" (worn) {*Corrode +Blink rPois rF+}
   (You found it on level 10 of the Dungeon)

   It protects you from fire.
   It protects you from poison.
   It lets you blink.
   It may corrode you when you take damage.
 X - a +0 buckler
Jewellery
 l - an uncursed amulet of rage
 U - a ring of positive energy (left hand)
Wands
 G - a wand of flame (18)
 L - a wand of paralysis (7)
 N - a wand of disintegration (14)
Scrolls
 g - a scroll of magic mapping
 h - 12 scrolls of identify
 i - 2 scrolls of fear
 j - a scroll of immolation {unknown}
 m - 4 scrolls of amnesia {unknown}
 n - 2 scrolls of remove curse
 p - 5 scrolls of teleportation
 r - 4 scrolls of blinking
 w - 2 scrolls of enchant weapon {unknown}
 y - a scroll of enchant armour
 C - a scroll of torment {unknown}
 F - a scroll of acquirement {unknown}
 J - a scroll of silence {unknown}
 Q - a scroll of vulnerability {unknown}
 S - 2 scrolls of fog {unknown}
Potions
 e - a potion of haste
 k - 6 potions of curing
 o - a potion of heal wounds
 t - 4 potions of resistance {unknown}
 z - 2 potions of ambrosia {unknown}
 A - 3 potions of lignification {unknown}
 B - 5 potions of flight {unknown}
 D - a potion of degeneration {unknown}
 H - a potion of magic {unknown}
 I - a potion of mutation
 T - a potion of berserk rage {unknown}
 V - a potion of brilliance
 W - a potion of cancellation {unknown}
Comestibles
 b - a chunk of flesh
 f - 19 rations


   Skills:
 + Level 4.5 Fighting
 - Level 12.0(14.0) Maces & Flails
 - Level 12.4(14.2) Staves
 - Level 2.0 Throwing
 + Level 4.1 Armour
 - Level 3.0 Dodging
 + Level 1.4 Shields


You had 10 spell levels left.
You didn't know any spells.
Your spell library contained the following spells:

 Spells                   Type           Power        Failure   Level  Hunger
 Beastly Appendage        Tmut           #.....       100%        1    ##.....
 Magic Dart               Conj           #...         100%        1    ##.....
 Blink                    Tloc           N/A          100%        2    ###....
 Call Imp                 Summ           #.......     100%        2    ###....
 Slow                     Hex            #.......     100%        2    ###....
 Sticks to Snakes         Tmut           #.......     100%        2    ###....
 Conjure Flame            Conj/Fire      #.......     100%        3    ####...
 Gell's Gravitas          Tloc           #.........   100%        3    ####...
 Mephitic Cloud           Conj/Pois/Air  #.......     100%        3    ####...
 Portal Projectile        Hex/Tloc       #.....       100%        3    ####...
 Spider Form              Tmut/Pois      #.........   100%        3    ####...
 Ice Form                 Ice/Tmut       #.......     100%        4    #####..
 Blade Hands              Tmut           #.........   100%        5    ######.
 Dispersal                Tloc           #.........   100%        6    #######
 Controlled Blink         Tloc           N/A          100%        8    #######
 Disjunction              Tloc           #.........   100%        8    #######


Dungeon Overview and Level Annotations

Branches:
Dungeon (12/15)            Temple (1/1) D:7             Orc (0/2) D:9
Ossuary (visited)
   Lair: D:8-11

Altars:
Ashenzari
Cheibriados
Dithmenos
Elyvilon
Fedhas
Gozag
Hepliaklqana
Kikubaaqudgha
Makhleb
Nemelex Xobeh
Okawaru
Qazlal
Ru
Sif Muna
Trog
Uskayaw
Vehumet
Wu Jian
Xom
Yredelemnul
Zin
The Shining One

Shops:
D:5 (

Annotations:
D:7 1 runed translucent door, exclusion: 4 orange crystal statues


Innate Abilities, Weirdness & Mutations

You are resistant to torment.
Your stone body is resilient. (AC +8)
You are immune to poison.
You resist negative energy. (rN+)
You are resistant to electric shocks. (rElec)
You can survive without breathing.
You are immune to petrification.
You are immune to rotting.
You have a pair of small horns on your head.
You have an increased reservoir of magic. (+10% MP)
You are weak. (Str -2)
Your spells are a little harder to cast, but a little more powerful.


Message History

You headbutt the catoblepas, but do no damage.
The catoblepas is moderately wounded.
The catoblepas barely misses you.
You hit the catoblepas but do no damage.
The catoblepas is moderately wounded.
You hit the catoblepas but do no damage.
The catoblepas is moderately wounded.
The catoblepas breathes a plume of calcifying dust at you.
The blast of calcifying dust hits you.
You hit the catoblepas.
The catoblepas is moderately wounded.
The catoblepas gores you!
An eight-headed hydra comes into view.
The eight-headed hydra roars!
The catoblepas gores you!
You feel agile all of a sudden. The catoblepas gores you!!
* * * LOW HITPOINT WARNING * * *
You feel much better. The catoblepas gores you!!
You die...

#########.....<#.......
##......##...##'#.......
#.......##...#........##
#......§.....#........#.
##...........#........#.
#...........#........#.
#......##...#..<.....##
#§§§§§Y########........
#.....@.......#........
#.............#........
#.........D...#........
#.............#........
#.............#.......#
#......##.....#.......#
#......# #+### #.....#
#....... #...†.# #.....#


You could see a catoblepas and an eight-headed hydra.

Vanquished Creatures
  Harold (D:11)
  Erolcha (D:12)
  Erica (D:11)
  Nergalle (D:11)
  An unseen horror (D:10)
  Pikel (D:7)
  3 ugly things
  A manticore (D:11)
  Joseph (D:7)
  A kobold demonologist (D:12)
  A troll (D:12)
  3 hippogriffs
  2 shadows
  A spriggan (D:9)
  A wyvern (D:11)
  Eustachio (D:4)
  2 hungry ghosts
  Menkaure (D:6)
  A water moccasin (D:8)
  3 orc warriors
  5 ice beasts
  A black bear (D:11)
  2 ogres
  2 sky beasts
  2 phantoms
  2 centaurs
  A bullfrog (shapeshifter) (D:6)
  5 bullfrogs
  A gnoll sergeant (D:10)
  2 water moccasin zombies (Ossuary)
  A wyvern skeleton (D:11)
  A scorpion (D:10)
  5 wights (D:10)
  3 howler monkeys (D:11)
  3 crimson imps
  A bullfrog zombie (D:9)
  3 orc priests
  2 jellies
  2 centaur skeletons
  A centaur zombie (D:7)
  6 hounds
  7 orc wizards
  Crazy Yiuf (D:4)
  3 bullfrog skeletons
  4 iguanas
  5 worker ants
  4 big kobold zombies (Ossuary)
  A hound skeleton (D:4)
  2 mummies (Ossuary)
  A worker ant zombie (D:6)
  A howler monkey skeleton (D:6)
  7 gnolls
  13 adders
  An adder zombie (Ossuary)
  2 adder skeletons
  3 worms (D:4)
  3 dart slugs
  A leopard gecko (D:11)
  24 orcs
  4 giant cockroaches
  4 gnoll zombies (Ossuary)
  4 goblins
  2 hobgoblins
  16 jackals
  A quokka (D:9)
  2 ball pythons
  A ball python zombie (D:3)
  6 bats
  2 frilled lizards
  4 hobgoblin zombies (Ossuary)
  4 kobolds
  3 kobold zombies (Ossuary)
  A leopard gecko zombie (D:3)
  3 orc zombies (Ossuary)
  5 rats
224 creatures vanquished.

Vanquished Creatures (others)
  Prince Ribbit (D:7)
  A bullfrog zombie (D:7)
  A worker ant (D:7)
3 creatures vanquished.

Grand Total: 227 creatures vanquished

Notes
Turn   | Place    | Note
-------+----------+-------------------------------------------
     0 | D:1      | ReteAZ the Gargoyle Gladiator began the quest for the Orb.
     0 | D:1      | Reached XP level 1. HP: 12/12 MP: 1/1
   238 | D:1      | Reached XP level 2. HP: 13/17 MP: 2/2
  1136 | D:2      | Reached XP level 3. HP: 14/21 MP: 3/3
  1421 | D:2      | You fall into a shaft and drop 2 floors!
  1425 | D:4      | Reached skill level 1 in Armour
  1527 | D:3      | Reached XP level 4. HP: 27/27 MP: 4/4
  2028 | D:3      | Reached XP level 5. HP: 15/32 MP: 5/5
  2229 | D:3      | Noticed an ogre
  2252 | D:3      | Gained mutation: You have an increased reservoir of magic.
                  | (+10% MP) [potion of mutation]
  2252 | D:3      | Gained mutation: You are weak. (Str -2) [potion of
                  | mutation]
  2252 | D:3      | Gained mutation: You have a pair of small horns on your
                  | head. [potion of mutation]
  2252 | D:3      | Gained mutation: Your spells are a little harder to cast,
                  | but a little more powerful. [potion of mutation]
  2260 | D:3      | Killed an ogre
  2260 | D:3      | Reached skill level 5 in Staves
  2260 | D:3      | Reached XP level 6. HP: 37/37 MP: 6/6
  2405 | D:3      | Found a bloodstained altar of Trog.
  2622 | D:4      | Noticed Eustachio
  2762 | D:4      | Killed Eustachio
  2762 | D:4      | Reached XP level 7. HP: 26/41 MP: 7/7
  3290 | D:4      | Found a runed translucent door.
  3291 | D:4      | Noticed Crazy Yiuf
  3298 | D:4      | Killed Crazy Yiuf
  3357 | D:5      | Entered Level 5 of the Dungeon
  3454 | D:5      | Found Zyluki's Weapon Emporium.
  3964 | D:6      | Noticed a glowing shapeshifter
  3964 | D:6      | a jackal changed into a glowing shapeshifter
  3964 | D:6      | Noticed a swamp dragon
  3964 | D:6      | a glowing shapeshifter changed into a swamp dragon
  3967 | D:6      | Noticed a mana viper
  3967 | D:6      | a swamp dragon changed into a mana viper
  3970 | D:6      | Noticed a tarantella
  3970 | D:6      | a mana viper changed into a tarantella
  3981 | D:6      | Noticed a raiju
  3981 | D:6      | a tarantella changed into a raiju
  3984 | D:6      | Noticed a basilisk
  3984 | D:6      | a raiju changed into a basilisk
  3986 | D:6      | a basilisk changed into an eye of draining
  3989 | D:6      | Noticed a komodo dragon
  3989 | D:6      | an eye of draining changed into a komodo dragon
  3991 | D:6      | Noticed a harpy
  3991 | D:6      | a komodo dragon changed into a harpy
  3992 | D:6      | Noticed a komodo dragon
  3992 | D:6      | a harpy changed into a komodo dragon
  3995 | D:6      | Noticed a queen bee
  3995 | D:6      | a komodo dragon changed into a queen bee
  4000 | D:6      | Noticed a meliai
  4000 | D:6      | a queen bee changed into a meliai
  4001 | D:6      | Noticed a salamander
  4001 | D:6      | a meliai changed into a salamander
  4002 | D:6      | a salamander changed into an eye of draining
  4010 | D:6      | Noticed a hog
  4012 | D:6      | a hog changed into an acid dragon
  4015 | D:6      | Noticed a human
  4015 | D:6      | an acid dragon changed into a human
  4293 | D:6      | Reached XP level 8. HP: 39/46 MP: 8/8
  4408 | D:6      | Noticed Menkaure
  4417 | D:6      | Killed Menkaure
  4697 | D:6      | Reached skill level 10 in Staves
  5185 | D:7      | Noticed Pikel
  5204 | D:7      | Noticed Prince Ribbit
  5212 | D:7      | Killed Pikel
  5212 | D:7      | Reached XP level 9. HP: 28/50 MP: 9/9
  5224 | D:7      | Killed Prince Ribbit
  5521 | D:7      | Found a sand-covered staircase.
  5528 | Ossuary  | Entered an ossuary
  5730 | D:7      | Noticed a +0 dagger
  5730 | D:7      | Noticed a +0 dagger
  5756 | D:7      | Found a hide-covered altar of Uskayaw.
  5772 | D:7      | Noticed Joseph
  5796 | D:7      | Killed Joseph
  5853 | D:7      | Found a staircase to the Ecumenical Temple.
  5858 | D:7      | Got a transparent mace
  5863 | Temple   | Entered the Ecumenical Temple
  6064 | Temple   | Identified the +6 mace of Mourning {holy, rC+} (You found
                  | it on level 7 of the Dungeon)
  6090 | Temple   | Became a worshipper of the Shining One
  6135 | D:7      | Found a runed translucent door.
  6151 | D:7      | Found a runed translucent door.
  6151 | D:7      | Noticed an orange crystal statue
  6158 | D:7      | Noticed an orange crystal statue
  6158 | D:7      | Noticed an orange crystal statue
  6158 | D:7      | Noticed an orange crystal statue
  6392 | D:8      | Found an ancient bone altar of Kikubaaqudgha.
  6396 | D:8      | Found an iron altar of Okawaru.
  6472 | D:8      | You fall into a shaft and drop 1 floor!
  6496 | D:9      | Found the +2 pair of boots of the Assassin {Detection Stab+
                  | Stlth++}
  6689 | D:9      | Found a shadowy altar of Dithmenos.
  6728 | D:9      | Reached XP level 10. HP: 54/56 MP: 11/11
  6841 | D:9      | Reached skill level 5 in Maces & Flails
  7007 | D:9      | Found a staircase to the Orcish Mines.
  7007 | D:9      | Reached * piety under the Shining One
  7033 | D:10     | Entered Level 10 of the Dungeon
  7346 | D:10     | Reached ** piety under the Shining One
  7389 | D:10     | Noticed an unseen horror
  7403 | D:10     | Killed an unseen horror
  7431 | D:10     | Got a transparent chain mail
  7442 | D:10     | Identified the +5 chain mail "Haram" {*Corrode +Blink rPois
                  | rF+} (You found it on level 10 of the Dungeon)
  7884 | D:11     | Noticed a red ugly thing
  7899 | D:11     | Killed a red ugly thing
  8051 | D:11     | Noticed Harold
  8066 | D:11     | Killed Harold
  8134 | D:11     | Reached XP level 11. HP: 60/60 MP: 12/12
  8139 | D:11     | Noticed a red ugly thing
  8174 | D:11     | Killed a red ugly thing
  8174 | D:11     | Reached skill level 10 in Maces & Flails
  8360 | D:11     | Noticed Nergalle
  8368 | D:11     | Noticed a spectral orc warlord
  8388 | D:11     | Killed Nergalle
  8579 | D:11     | Noticed Erica
  8598 | D:11     | Killed Erica
  8611 | D:11     | Noticed a manticore
  8620 | D:11     | Killed a manticore
  8719 | D:11     | Reached *** piety under the Shining One
  9109 | D:12     | Noticed a soul eater
  9151 | D:12     | Noticed Erolcha
  9176 | D:12     | Killed Erolcha
  9394 | D:12     | Noticed a white ugly thing
  9410 | D:12     | Killed a white ugly thing
  9410 | D:12     | Reached skill level 1 in Shields
  9820 | D:12     | Noticed a catoblepas
  9834 | D:12     | Noticed an eight-headed hydra
  9836 | D:12     | Slain by a catoblepas

Levels and vault maps discovered:
D:1:      kennysheep_arrival_seaside, layout_loops_corners,
          hangedman_decor_points
D:2:      layout_basic
D:3:      layout_basic, serial_undead, serial_undead_f, serial_undead_c,
          serial_undead_a, serial_undead_a, serial_undead_c, first_ration,
          bloody_trog
D:4:      layout_loops_corners, kennysheep_nondescript, uniq_eustachio,
          uniq_crazy_yiuf_cottage
D:5:      layout_loops_ring, serial_shops, shop, bh_chokoban,
          minmay_strange_pillars
D:6:      layout_loops_ring, uniq_menkaure
D:7:      layout_rooms, dancing_weapons_uskayaw, minmay_temple_entry_overgrown,
          chequers_ossuary_entry_cave, chequers_guarded_unrand_ignorance,
          uniq_joseph, uniq_pikel, uniq_prince_ribbit1
D:8:      layout_rooms, chequers_temple_overflow_statue_of_worship,
          david_lair_shrubbed
D:9:      layout_small_grid, grunt_dithmenos_smoke,
          kennysheep_orc_monster_closet_entryway, grunt_pizzeria
D:10:     layout_loops_ring
D:11:     layout_small_grid, uniq_harold, uniq_nergalle, uniq_erica
D:12:     layout_gridville, uniq_erolcha
Temple:   eino_narrow_crystal_temple

Skill      XL: |  1  2  3  4  5  6  7  8  9 10 11 |
---------------+----------------------------------+-----
Armour         | 1 2 4 |  4.1
Staves         | 4 5 6 8 11 12 | 12.4
Fighting       | 3 4 |  4.5
Dodging        | 3 |  3.0
Throwing       | 2 |  2.0
Maces & Flails | 3 9 12 | 12.0
Shields        | 1 |  1.4

Action                   |  1- 3 |  4- 6 |  7- 9 | 10-12 || total
-------------------------+-------+-------+-------+-------++-------
Melee: Quarterstaff      |    94 |   156 |   355 |       ||   605
       Headbutt          |       |    11 |    76 |    64 ||   151
       Mace              |       |       |    50 |   345 ||   395
Throw: Throwing net      |       |     2 |       |     2 ||     4
  Use: Potion            |       |     4 |     4 |     2 ||    10
       Scroll            |       |       |     9 |       ||     9
 Stab: Petrified         |       |       |     5 |       ||     5
       Petrifying        |       |       |     1 |       ||     1
  Eat: Chunk             |     2 |     4 |    11 |    11 ||    28
       Ration            |       |       |       |     1 ||     1
Armor: Leather armour    |    17 |       |       |       ||    17
       Scale mail        |    46 |   144 |    20 |       ||   210
       Chain mail        |       |       |   212 |   193 ||   405
       Plate armour      |       |       |       |    53 ||    53
Dodge: Dodged            |    73 |   174 |   146 |   124 ||   517
       Deflected         |       |       |       |     5 ||     5
Block: Buckler           |       |       |       |     5 ||     5

Table legend:
 A = Non-vault XP
 B = Vault XP
 C = Vault XP percentage of total XP
 D = Non-vault monster count
 E = Vault monster count
 F = Vault count percentage of total count
                 A         B        C        D         E       F
            +---------+---------+-------+---------+---------+-------
      Total |   10722 |    6025 |  36.0 |     186 |      39 |  17.3
            +---------+---------+-------+---------+---------+-------
        D:1 |      24 |       0 |   0.0 |      12 |       0 |   0.0
        D:2 |      39 |       0 |   0.0 |      13 |       0 |   0.0
        D:3 |     195 |      49 |  20.1 |      20 |       4 |  16.7
        D:4 |     327 |     225 |  40.8 |      16 |       2 |  11.1
        D:5 |     302 |       0 |   0.0 |       7 |       0 |   0.0
        D:6 |     760 |     175 |  18.7 |      28 |       1 |   3.4
        D:7 |     440 |    1182 |  72.9 |       9 |       3 |  25.0
        D:8 |     208 |       0 |   0.0 |       3 |       0 |   0.0
        D:9 |     727 |     211 |  22.5 |      15 |       1 |   6.2
       D:10 |    1975 |     133 |   6.3 |      23 |       1 |   4.2
       D:11 |    3565 |    2732 |  43.4 |      24 |       3 |  11.1
       D:12 |    2160 |     993 |  31.5 |      16 |       1 |   5.9
    Ossuary |       0 |     325 | 100.0 |       0 |      23 | 100.0
            +---------+---------+-------+---------+---------+-------
